 Dungeon Crawl Stone Soup version 0.23.2-1-ga50397a (webtiles) character file.

Game seed: 9073666212540456393

581 KeeTraxx the Charmwright (level 7, 31/57 HPs)
             Began as a Gnoll Skald on Apr 16, 2019.
             Was a Believer of Ru.
             Quit the game on level 6 of the Dungeon on May 8, 2019.
             The game lasted 00:21:21 (5309 turns).

KeeTraxx the Charmwright (Gnoll Skald)              Turns: 5309, Time: 00:21:22

Health: 31/57      AC: 10    Str: 13    XL:     7   Next: 36%
Magic:  16/16      EV: 15    Int: 18    God:    Ru [**....]
Gold:   304        SH:  0    Dex: 15    Spells: 11/18 levels left

rFire    . . .     SeeInvis .   c - +5 scythe "Finisher" {speed, eviscerate}
rCold    . . .     Gourm    .   (shield currently unavailable)
rNeg     . . .     Faith    .   b - +1 leather armour
rPois    .         Spirit   .   v - +0 helmet
rElec    .         Reflect  .   s - +2 cloak
rCorr    .         Harm     .   (no gloves)
MR       .....                  k - +0 pair of boots
Stlth    ..........             (no amulet)
HPRegen  0.19/turn              (no ring)
MPRegen  0.15/turn              (no ring)

@: no status effects
A: distributed training, fangs 1, no stealth, inexperienced 1, strong nose
a: Renounce Religion


You were on level 6 of the Dungeon.
You worshipped Ru.
Ru was pleased with you.
You were not hungry.

You visited 1 branch of the dungeon, and saw 6 of its levels.

You collected 304 gold pieces.

Inventory:

Hand Weapons
 a - a +0 spear
 c - the +5 scythe "Finisher" (weapon) {speed, eviscerate}
   (You found it on level 4 of the Dungeon)

   Attacks with this weapon are significantly faster.
 q - the +10 mace of Laceration {protect, rPois MR+ Int+3, unknown}
   (You found it on level 5 of the Dungeon)

   It protects the one who uses it against injury (+AC on strike).
   It affects your intelligence (+3).
   It protects you from poison.
   It affects your resistance to hostile enchantments.
 t - a +3 quarterstaff of chaos
Armour
 b - a +1 leather armour (worn)
 k - a +0 pair of boots (worn)
 s - a +2 cloak (worn)
 v - a +0 helmet (worn)
Wands
 o - a wand of acid (6)
 u - a wand of polymorph (1)
Scrolls
 e - 2 scrolls of immolation
 h - 9 scrolls of identify
 m - 2 scrolls of teleportation
 x - a scroll of random uselessness {unknown}
Potions
 f - 2 potions of agility
 g - 2 potions of mutation {unknown}
 i - a potion of invisibility {unknown}
 j - a potion of flight {unknown}
 n - 3 potions of curing {unknown}
 p - 2 potions of might {unknown}
 r - a potion of lignification {unknown}
 w - a potion of cancellation {unknown}
Comestibles
 d - 12 rations
 l - 7 chunks of flesh


   Skills:
 + Level 5.9 Fighting
 + Level 3.6 Short Blades
 + Level 3.6 Long Blades
 + Level 3.6 Axes
 + Level 3.6 Maces & Flails
 + Level 5.9 Polearms
 + Level 3.6 Staves
 + Level 3.6 Slings
 + Level 3.6 Bows
 + Level 3.6 Crossbows
 + Level 3.6 Throwing
 + Level 4.5 Armour
 + Level 5.9 Dodging
   Level 0.0 Stealth
 + Level 3.6 Shields
 + Level 3.6 Unarmed Combat
 + Level 6.2 Spellcasting
 + Level 3.0 Conjurations
 + Level 3.0 Hexes
 + Level 6.2 Charms
 + Level 3.0 Summonings
 + Level 3.0 Necromancy
 + Level 3.0 Translocations
 + Level 3.0 Transmutations
 + Level 3.0 Fire Magic
 + Level 3.0 Ice Magic
 + Level 3.0 Air Magic
 + Level 3.0 Earth Magic
 + Level 3.0 Poison Magic
 + Level 4.0 Invocations
 + Level 3.6 Evocations


You had 11 spell levels left.
You knew the following spells:

 Your Spells              Type           Power        Failure   Level  Hunger
a - Infusion              Chrm           ####         1%          1    None
b - Regeneration          Chrm/Necr      ###.......   6%          3    ##.....
c - Spectral Weapon       Hex/Chrm       ###.....     6%          3    ##.....

Your spell library contained the following spells:

 Spells                   Type           Power        Failure   Level  Hunger
 Song of Slaying          Chrm           ####....     1%          2    None
 Shroud of Golubria       Chrm/Tloc      ###.......   3%          2    None


Dungeon Overview and Level Annotations

Branches:
Dungeon (6/15)             Temple (0/1) D:5

Altars:
Makhleb
Ru


Innate Abilities, Weirdness & Mutations

Your experience applies equally to all skills.
You have very sharp teeth.
You cannot be stealthy.
You are somewhat inexperienced. (-2 XL)
Your uncanny sense of smell can sniff out nearby items.


Message History

Your Transmutations skill increases to level 3!
Your Fire Magic skill increases to level 3!
Your Ice Magic skill increases to level 3!
Your Air Magic skill increases to level 3!
Your Earth Magic skill increases to level 3!
Your Poison Magic skill increases to level 3!
Your Invocations skill increases to level 4!
Unknown command.
Unknown command.
Things that are here:
a +0 shortbow; 4 arrows; a centaur corpse You butcher the centaur corpse.
l - 7 chunks of flesh (gained 4)
Things that are here:
a +0 shortbow; 4 arrows; a centaur skeleton Save game and exit?
Welcome back, KeeTraxx the Gnoll Skald.
Ru says: Cut away your false body!
Press ? for a list of commands and other information.
Are you sure you want to abandon this character and quit the game? (Confirm with "yes".)

....#### .......∆
#...... #....(.
#....# #....#
##....###
#.....#.##########
#.....).##......@#
...#..(.......#..# .#
###..######(###
##...#####(##
#...........### ###
##......<##....##
##.#
#...#######..##.#####
####..# ##..##
##......#.# #.....#
###...# ####.##...##
##..#..


There were no monsters in sight!

Vanquished Creatures
  Prince Ribbit (D:5)
  Sigmund (D:2)
  Edmund (D:5)
  2 ogres
  4 centaurs
  3 hounds
  Crazy Yiuf (D:5)
  An orc priest (D:5)
  A centaur skeleton (D:4)
  Ijyb (D:5)
  2 orc wizards (D:5)
  5 worker ants
  A hound zombie (D:6)
  3 gnolls (D:4)
  9 adders
  2 oozes (D:1)
  An adder skeleton (D:5)
  An adder zombie (D:5)
  3 worms
  3 dart slugs
  6 leopard geckos
  10 orcs
  11 giant cockroaches
  10 goblins
  3 hobgoblins
  4 jackals (D:3)
  3 quokkas
  4 bats
  2 frilled lizards (D:2)
  6 kobolds
  11 rats
116 creatures vanquished.

Vanquished Creatures (others)
  2 spectral weapons
2 creatures vanquished.

Grand Total: 118 creatures vanquished

Notes
Turn   | Place    | Note
-------+----------+-------------------------------------------
     0 | D:1      | KeeTraxx the Gnoll Skald began the quest for the Orb.
     0 | D:1      | Reached XP level 1. HP: 20/20 MP: 6/6
    27 | D:1      | Reached XP level 2. HP: 18/26 MP: 1/7
   396 | D:1      | Reached XP level 3. HP: 31/31 MP: 9/9
   401 | D:1      | Learned a level 3 spell: Regeneration
   405 | D:1      | Learned a level 3 spell: Spectral Weapon
   541 | D:1      | Reached skill level 5 in Spellcasting
   974 | D:2      | Reached skill level 1 in Invocations
  1220 | D:2      | Noticed Sigmund
  1324 | D:3      | Found a sacrificial altar of Ru.
  1333 | D:3      | Reached skill level 1 in Short Blades
  1333 | D:3      | Reached skill level 1 in Long Blades
  1333 | D:3      | Reached skill level 1 in Axes
  1333 | D:3      | Reached skill level 1 in Maces & Flails
  1333 | D:3      | Reached skill level 1 in Staves
  1333 | D:3      | Reached skill level 1 in Slings
  1333 | D:3      | Reached skill level 1 in Bows
  1333 | D:3      | Reached skill level 1 in Crossbows
  1333 | D:3      | Reached skill level 1 in Throwing
  1333 | D:3      | Reached skill level 1 in Stealth
  1333 | D:3      | Reached skill level 1 in Shields
  1333 | D:3      | Reached skill level 1 in Unarmed Combat
  1333 | D:3      | Reached skill level 1 in Evocations
  1345 | D:3      | Became a worshipper of Ru the Awakened
  1373 | D:3      | Reached XP level 4. HP: 34/38 MP: 7/11
  1942 | D:3      | Reached skill level 1 in Conjurations
  1942 | D:3      | Reached skill level 1 in Hexes
  1942 | D:3      | Reached skill level 1 in Summonings
  1942 | D:3      | Reached skill level 1 in Necromancy
  1942 | D:3      | Reached skill level 1 in Translocations
  1942 | D:3      | Reached skill level 1 in Transmutations
  1942 | D:3      | Reached skill level 1 in Fire Magic
  1942 | D:3      | Reached skill level 1 in Ice Magic
  1942 | D:3      | Reached skill level 1 in Air Magic
  1942 | D:3      | Reached skill level 1 in Earth Magic
  1942 | D:3      | Reached skill level 1 in Poison Magic
  2289 | D:3      | Gained mutation: You cannot be stealthy. [Ru sacrifice]
  2296 | D:3      | Reached XP level 5. HP: 43/43 MP: 8/12
  3004 | D:4      | Found the +5 scythe "Finisher" {speed, eviscerate}
  3070 | D:4      | Reached XP level 6. HP: 50/50 MP: 9/13
  3267 | D:4      | Reached skill level 5 in Fighting
  3267 | D:4      | Reached skill level 5 in Polearms
  3267 | D:4      | Reached skill level 5 in Dodging
  3468 | D:5      | Entered Level 5 of the Dungeon
  3622 | D:5      | Noticed Ijyb
  3629 | D:5      | Killed Ijyb
  3678 | D:5      | Reached XP level 7. HP: 54/56 MP: 11/15
  3691 | D:5      | Noticed Edmund
  3693 | D:5      | Killed Edmund
  3739 | D:5      | Got an ebony mace
  3745 | D:5      | Found a runed translucent door.
  3746 | D:5      | Noticed Crazy Yiuf
  3751 | D:5      | Killed Crazy Yiuf
  3838 | D:5      | Reached XP level 8. HP: 61/63 MP: 12/16
  3879 | D:5      | Noticed Prince Ribbit
  3882 | D:5      | Killed Prince Ribbit
  3975 | D:5      | Found a burning altar of Makhleb.
  4139 | D:5      | Found a staircase to the Ecumenical Temple.
  4521 | D:2      | Killed Sigmund
  4777 | D:2      | Gained mutation: You are somewhat inexperienced. (-2 XL)
                  | [Ru sacrifice]
  4777 | D:2      | Reached XP level 7. HP: 57/57 MP: 16/16
  4777 | D:2      | Reached XP level 6. HP: 52/52 MP: 15/15
  4777 | D:2      | Reached * piety under Ru
  4777 | D:2      | Reached ** piety under Ru
  5063 | D:6      | Reached XP level 7. HP: 57/57 MP: 12/16
  5309 | D:6      | Quit the game

Skill      XL: |  1  2  3  4  5  6  7  8 |
---------------+-------------------------+-----
Spellcasting   | 5 6 |  6.2
Invocations    | 1 2 4 |  4.0
Short Blades   | 1 2 3 |  3.6
Long Blades    | 1 2 3 |  3.6
Axes           | 1 2 3 |  3.6
Maces & Flails | 1 2 3 |  3.6
Staves         | 1 2 3 |  3.6
Slings         | 1 2 3 |  3.6
Bows           | 1 2 3 |  3.6
Crossbows      | 1 2 3 |  3.6
Throwing       | 1 2 3 |  3.6
Stealth        | 1 0 |  0.0
Shields        | 1 2 3 |  3.6
Unarmed Combat | 1 2 3 |  3.6
Evocations     | 1 2 3 |  3.6
Conjurations   | 1 3 |  3.0
Hexes          | 1 3 |  3.0
Summonings     | 1 3 |  3.0
Necromancy     | 1 3 |  3.0
Translocations | 1 3 |  3.0
Transmutations | 1 3 |  3.0
Fire Magic     | 1 3 |  3.0
Ice Magic      | 1 3 |  3.0
Air Magic      | 1 3 |  3.0
Earth Magic    | 1 3 |  3.0
Poison Magic   | 1 3 |  3.0
Armour         | 3 4 |  4.5
Fighting       | 5 |  5.9
Polearms       | 5 |  5.9
Dodging        | 5 |  5.9
Charms         | 6 |  6.2

Action                   |  1- 3 |  4- 6 |  7- 9 || total
-------------------------+-------+-------+-------++-------
Melee: Spear             |   132 |    88 |       ||   220
       Bite              |     6 |    12 |     4 ||    22
       Punch             |     3 |       |       ||     3
       Scythe            |       |    25 |    66 ||    91
 Cast: Infusion          |     5 |     2 |     1 ||     8
       Spectral Weapon   |     4 |    17 |    13 ||    34
Invok: Sacrifice Stealth |       |     1 |       ||     1
       Sacrifice Experie |       |     1 |       ||     1
  Use: Scroll            |       |     8 |       ||     8
 Stab: Sleeping          |     3 |     1 |       ||     4
  Eat: Chunk             |     2 |     9 |     5 ||    16
Armor: Leather armour    |    12 |    14 |    15 ||    41
       Skin              |       |       |     2 ||     2
Dodge: Dodged            |    49 |    68 |    28 ||   145
